 Dungeon Crawl Stone Soup version 0.29.1-15-g9cfb28693d (webtiles) character file.

Game seed: 16159768273366568371

973 BuddhaDhamma the Cleaver (level 7, 0/85 HPs)
             Began as a Minotaur Berserker on Mar 3, 2023.
             Was an Elder of Trog.
             Slain by an orc warrior
             ... wielding a +0 battleaxe
              (9 damage)
             ... on level 5 of the Dungeon.
             The game lasted 00:08:16 (5129 turns).

BuddhaDhamma the Cleaver (Minotaur Berserker)       Turns: 5129, Time: 00:08:17

Health: 0/85       AC:  9    Str: 23    XL:     7   Next: 94%
Magic:  6/6        EV: 10    Int:  8    God:    Trog [****..]
Gold:   177        SH:  2    Dex:  8    Spells: 6/6 levels left

rFire   . . .      SeeInvis .   E - +0 war axe
rCold   . . .      Faith    +   A - +0 buckler
rNeg    . . .      Spirit   .   u - +0 ring mail
rPois   .          Reflect  .   (helmet restricted)
rElec   .          Harm     .   z - +0 cloak
rCorr   .          Rampage  .   (no gloves)
Will    .....                   D - +2 pair of boots
Stlth   ..........              g - amulet of faith
HPRegen 0.24/turn               (no ring)
MPRegen 0.10/turn               (no ring)

@: berserking, quick
A: horns 2, retaliatory headbutt, talons 1, clever 1
a: Renounce Religion, Berserk, Trog's Hand, Brothers in Arms


You were on level 5 of the Dungeon.
You worshipped Trog.
Trog was greatly pleased with you.
You visited 1 branch of the dungeon, and saw 5 of its levels.
You also visited: Sewer.

You collected 282 gold pieces.
You spent 105 gold pieces at shops.

Inventory:

Hand Weapons
 E - a +0 war axe (weapon)
Missiles
 o - 7 poisoned darts (quivered)
Armour
 u - a +0 ring mail (worn)
 z - a +0 cloak (worn)
 A - a +0 buckler (worn)
 D - a +2 pair of boots (worn)
Jewellery
 e - a ring of fire
 g - an amulet of faith (around neck)
 l - a ring of magical power
Scrolls
 d - 2 scrolls of magic mapping {unknown}
 f - a scroll of immolation {unknown}
 h - a scroll of silence {unknown}
 j - 4 scrolls of identify {unknown}
 m - 2 scrolls of teleportation {unknown}
 n - a scroll of butterflies {unknown}
 q - a scroll of enchant armour {unknown}
 s - 2 scrolls of vulnerability {unknown}
 t - a scroll of enchant weapon
 w - a scroll of noise {unknown}
 x - a scroll of blinking
 B - a scroll of amnesia {unknown}
 C - a scroll of poison {unknown}
Potions
 a - a potion of mutation
 b - 5 potions of attraction {unknown}
 c - a potion of degeneration {unknown}
 i - 3 potions of curing {unknown}
 k - 2 potions of heal wounds {unknown}
 p - a potion of ambrosia {unknown}
 r - 3 potions of flight {unknown}
 v - a potion of berserk rage {unknown}
Miscellaneous
 y - a tin of tremorstones (2/2)


   Skills:
 - Level 3.6 Fighting
 + Level 11.5 Axes
 - Level 2.4 Armour
 - Level 2.1 Dodging


You had 6 spell levels left.
You didn't know any spells.
Your spell library was empty.

Dungeon Overview and Level Annotations

Branches:
Dungeon (5/15)              Sewer (visited)
 Temple: D:4-7

Altars:
Fedhas
Qazlal

Shops:
D:3 ?


Innate Abilities, Weirdness & Mutations

You have a pair of horns on your head.
You reflexively headbutt those who attack you in melee.
You have sharp toenails.
Your mind is acute. (Int +4, Str/Dex -1)


Message History

You headbutt the orc warrior, but do no damage.
Your unstable footing causes you to fumble your attack.
The howler monkey hoots and howls with incredible vigour!
The orc warrior closely misses you.
You hear a bark!
You hear a roar!
Your unstable footing causes you to fumble your attack.
The orc warrior barely misses you.
Your unstable footing causes you to fumble your attack.
The orc warrior hits you but does no damage.
Your unstable footing causes you to fumble your attack.
The orc warrior hits you with a +0 battleaxe!
Your unstable footing causes you to fumble your attack.
The orc warrior hits you with a +0 battleaxe!
You hit the orc warrior but do no damage.
Your headbutt misses the orc warrior.
The orc warrior is heavily wounded.
The howler monkey hoots and howls with incredible vigour!
The orc warrior closely misses you.
You hear a bark!
You hit the orc warrior. Your headbutt misses the orc warrior.
The orc warrior is severely wounded.
The orc warrior hits you with a +0 battleaxe!
* * * LOW HITPOINT WARNING * * *
Your unstable footing causes you to fumble your attack.
The orc warrior hits you with a +0 battleaxe!
* * * LOW HITPOINT WARNING * * *
The howler monkey hoots and howls with incredible vigour!
You hear a bark!
You hear a shout!
You hear an angry hiss.
You closely miss the orc warrior.
You headbutt the orc warrior, but do no damage.
The orc warrior is severely wounded.
The orc warrior closely misses you.
It was a potion of mutation.
You feel extremely strange.
You feel clever.
Your toenails lengthen and sharpen.
The orc warrior barely misses you. You furiously retaliate!
You headbutt the orc warrior.
A red film seems to cover your vision as you go berserk!
You feel yourself moving faster!
You feel mighty!
The orc warrior hits you with a +0 battleaxe!
You die...

.# #.###
#.##)##.#######... .#
#.# #..###### .# ##.#
##.## .# #.<# ##. ##
.###.## #.##≈ .....#
#.#S ...### #h# ..##
#o# ...# ##@# #..##
##~###### #...#
#~##≈!$P. ##..#
#~#S≈$P~. #..##
#.#S..P.. ##..#####
###.#S≈)PP. ##.....#
#.#'##≈~~..
#####....###....######
...........#....#


You could see an orc warrior, a howler monkey and an electric eel.

Vanquished Creatures
  Grinder (D:4)
  Sigmund (D:3)
  An ogre (D:4)
  2 bullfrogs (Sewer)
  An iguana (D:5)
  Crazy Yiuf (D:4)
  Jessica (D:3)
  2 orc wizards (D:5)
  A gnoll (D:1)
  13 adders
  A white imp (D:5)
  2 worms
  4 dart slugs
  9 orcs
  10 ball pythons
  12 endoplasms
  12 giant cockroaches
  11 goblins
  4 hobgoblins
  7 jackals
  7 kobolds
  6 quokkas
  6 bats
  7 frilled lizards (Sewer)
  14 rats
136 creatures vanquished.

Vanquished Creatures (others)
  2 fungi (D:4)
  A plant (D:4)
  2 withered plants (D:3)
5 creatures vanquished.

Grand Total: 141 creatures vanquished

Notes
Turn   | Place    | Note
-------+----------+-------------------------------------------
     0 | D:1      | BuddhaDhamma the Minotaur Berserker began the quest for the
                  | Orb.
     0 | D:1      | Reached XP level 1. HP: 19/19 MP: 0/0
    98 | D:1      | Reached skill level 4 in Axes
   243 | D:1      | Reached XP level 2. HP: 21/26 MP: 1/1
   573 | D:1      | Reached skill level 5 in Axes
   676 | D:1      | Reached XP level 3. HP: 28/31 MP: 2/2
  1233 | D:2      | Reached ** piety under Trog
  1508 | D:2      | Reached XP level 4. HP: 39/39 MP: 3/3
  1584 | D:2      | Reached skill level 6 in Axes
  2028 | D:3      | Noticed Jessica
  2038 | D:3      | Killed Jessica
  2241 | D:3      | Found a faded altar of an unknown god.
  2372 | D:3      | Reached XP level 5. HP: 44/45 MP: 4/4
  2394 | D:3      | Found Dox Iniu's Magic Scroll Boutique.
  2406 | D:3      | Reached skill level 7 in Axes
  2655 | D:3      | Bought a scroll of enchant weapon for 105 gold pieces
  2764 | D:3      | Reached *** piety under Trog
  2998 | D:3      | Noticed Sigmund
  3011 | D:3      | Killed Sigmund
  3012 | D:3      | Reached skill level 8 in Axes
  3012 | D:3      | Reached XP level 6. HP: 27/51 MP: 5/5
  3202 | D:4      | Found a blossoming altar of Fedhas.
  3358 | D:4      | Found a stormy altar of Qazlal.
  3367 | D:4      | Reached skill level 9 in Axes
  3411 | D:4      | Noticed Grinder
  3420 | D:4      | Killed Grinder
  3421 | D:4      | Reached skill level 10 in Axes
  3421 | D:4      | Reached XP level 7. HP: 42/57 MP: 6/6
  3578 | D:4      | Found a glowing drain.
  3601 | Sewer    | Entered a sewer
  3808 | Sewer    | Reached **** piety under Trog
  3899 | Sewer    | Reached skill level 11 in Axes
  4594 | D:4      | Found a runed translucent door.
  4595 | D:4      | Noticed Crazy Yiuf
  4602 | D:4      | Killed Crazy Yiuf
  4720 | D:5      | Entered Level 5 of the Dungeon
  5128 | D:5      | Gained mutation: Your mind is acute. (Int +4, Str/Dex -1)
                  | [potion of mutation]
  5128 | D:5      | Gained mutation: You have sharp toenails. [potion of
                  | mutation]
  5129 | D:5      | Slain by an orc warrior

Illustrated notes

Levels and vault maps discovered:
D:1:      dpeg_arrival_shelter, layout_basic, minmay_misc_feat_rugged
D:2:      layout_rooms, serial_park_tiny_pond
D:3:      layout_loops_cross, ebering_ecumenical_altar_petrified, serial_shops,
          nicolae_shop_advertising_works [nicolae_subvault_shop_adworks],
          uniq_jessica, uniq_sigmund
D:4:      kennysheep_the_goblin_king, layout_loops_ring,
          grunt_temple_overflow_forces_of_nature, gup_sewer_entry_glass,
          uniq_crazy_yiuf_cottage, uniq_grinder
D:5:      cheibrodos_two_vegetables, layout_rooms, uniq_blork_the_orc

Skill      XL: |  1  2  3  4  5  6  7 |
---------------+----------------------+-----
Axes           | 4 5 6 8 10 11 | 11.5
Fighting       | |  3.6
Armour         | |  2.4
Dodging        | |  2.1

Action                   |  1- 3 |  4- 6 |  7- 9 || total
-------------------------+-------+-------+-------++-------
Melee: Hand axe          |   101 |   118 |    94 ||   313
       Headbutt          |    12 |    16 |    12 ||    40
       Punch             |       |     1 |       ||     1
       War axe           |       |       |    32 ||    32
Throw: Dart              |       |     3 |       ||     3
Invok: Berserk           |       |     1 |     2 ||     3
  Use: Potion            |       |       |     1 ||     1
Armor: Animal skin       |     6 |       |       ||     6
       Leather armour    |    16 |    24 |       ||    40
       Ring mail         |       |    16 |    58 ||    74
Dodge: Dodged            |    65 |    64 |    74 ||   203
Block: Buckler           |       |       |     2 ||     2
